Map: Bridgehead LE (Void)

Players

CunningStunt

  • Race: Protoss Protoss
  • League: Gold

HKSuprmarket - Winner!

  • Race: Protoss Protoss
  • League: Platinum

VOD

Have the link to the VOD?

Description

Time

  • Played on: Sept. 8, 2015, 11:12 p.m.
  • Length: 23:00
Show
View Real Time Build Order
Export as new Build Order

CunningStunt Protoss 

Build Orders: 1 Gate Expand, Zealot Archon 

Get SALT Encoding   

  12  0:00  Probe (Chrono Boost)  
  13  0:10  Probe (Chrono Boost)  
  14  0:18  Pylon  
  14  0:21  Probe (Chrono Boost)  
  15  0:36  Probe (Chrono Boost)  
  15  0:39  Gateway  
  16  0:46  Probe (Chrono Boost)  
  17  0:56  Probe (Chrono Boost)  
  18  1:14  Nexus  
  18  1:20  Probe (Chrono Boost)  
  19  1:30  Probe (Chrono Boost)  
  19  1:31  Cybernetics Core  
  20  1:36  Assimilator  
  20  1:39  Assimilator  
  20  1:41  Probe (Chrono Boost)  
  21  1:51  Probe (Chrono Boost)  
  22  1:57  Pylon  
  22  2:01  Probe (Chrono Boost)  
  23  2:15  Probe (Chrono Boost)  
  24  2:17  Adept  
  26  2:27  Mothership Core (Chrono Boost)  
  28  2:34  Probe (Chrono Boost)  
  28  2:35  Pylon  
  29  2:43  Gateway  
  29  2:44  Probe (Chrono Boost)  
  29  2:45  Adept  
  29  2:51  Probe (Chrono Boost)  
  33  2:54  Probe (Chrono Boost)  
  34  3:01  Probe (Chrono Boost)  
  34  3:03  Warp Gate (Chrono Boost)  
  34  3:04  Probe (Chrono Boost)  
  36  3:17  Robotics Facility  
  36  3:23  Probe x2 (Chrono Boost)  
  38  3:33  Probe (Chrono Boost)  
  39  3:36  Probe (Chrono Boost)  
  40  3:43  Probe (Chrono Boost)  
  40  3:46  Probe (Chrono Boost)  
  40  3:48  Stalker x2  
  44  3:53  Probe (Chrono Boost), Gateway  
  47  3:56  Probe (Chrono Boost)  
  47  3:57  Gateway  
  48  4:03  Probe (Chrono Boost)  
  48  4:04  Pylon  
  47  4:13  Probe x2 (Chrono Boost)  
  45  4:23  Probe (Chrono Boost)  
  45  4:25  Probe (Chrono Boost)  
  45  4:30  Assimilator  
  46  4:32  Assimilator  
  46  4:33  Probe (Chrono Boost)  
  46  4:35  Probe (Chrono Boost)  
  46  4:37  Gateway  
  48  4:38  Gateway  
  48  4:39  Immortal  
  51  4:45  Probe (Chrono Boost)  
  51  4:46  Probe (Chrono Boost)  
  47  5:03  Probe  
  47  5:05  Probe  
  49  5:13  Probe  
  49  5:15  Twilight Council  
  49  5:16  Pylon  
  49  5:17  Probe  
  51  5:23  Probe  
  51  5:28  Immortal  
  56  5:29  Probe  
  56  5:34  Probe (Chrono Boost)  
  58  5:40  Probe (Chrono Boost)  
  59  5:45  Probe (Chrono Boost)  
  60  5:51  Probe (Chrono Boost)  
  60  5:52  Pylon  
  60  5:55  Probe (Chrono Boost)  
  60  5:56  Pylon  
  61  5:58  Stalker x3  
  61  6:01  Probe (Chrono Boost)  
  65  6:05  Probe (Chrono Boost)  
  64  6:11  Probe (Chrono Boost), Blink (Chrono Boost)  
  64  6:15  Probe (Chrono Boost)  
  66  6:29  Forge  
  66  6:32  Pylon  
  66  6:35  Pylon  
  66  6:37  Probe x2 (Chrono Boost)  
  68  6:45  Immortal (Chrono Boost)  
  72  6:47  Probe (Chrono Boost)  
  73  6:54  Templar Archives  
  72  7:06  Photon Cannon  
  72  7:07  Probe  
  72  7:09  Probe  
  72  7:10  Photon Cannon  
  72  7:15  Photon Cannon  
  74  7:18  Photon Cannon  
  74  7:22  Photon Cannon  
  74  7:24  Warp Prism  
  76  7:35  High Templar x2  
  76  7:36  High Templar x4  
  88  7:38  Archon x2  
  88  7:39  Archon  
  88  7:41  Probe  
  88  7:43  Probe  
  90  7:55  Probe  
  91  8:00  Observer  
  91  8:01  Probe  
  93  8:07  Probe  
  93  8:11  Probe, High Templar x2  
  98  8:13  Nexus  
  98  8:19  Probe, Pylon  
  100  8:22  Pylon, Archon  
  100  8:37  Stalker, Shield Upgrade (Chrono Boost)  
  100  8:38  Stalker x3  
  108  8:42  Probe  
  108  8:44  Probe  
  110  8:53  Probe  
  111  8:56  Probe  
  112  9:03  Probe  
  112  9:08  Probe  
  112  9:21  Stalker x2  
  112  9:22  Probe  
  117  9:24  Probe  
  117  9:27  Probe  
  119  9:32  Probe, Assimilator  
  119  9:36  Probe, Assimilator  
  119  9:37  Probe  
  121  9:41  Psionic Storm  
  121  9:42  Probe  
  121  9:44  Zealot x2  
  121  9:45  Zealot x4  
  119  9:48  Probe  
  116  9:55  Charge (Chrono Boost)  
  102  10:03  Probe x2  
  102  10:04  Probe  
  102  10:06  Immortal (Chrono Boost)  
  109  10:13  Probe  
  109  10:17  Probe  
  101  10:43  Probe x2  
  101  10:45  Probe, Immortal (Chrono Boost)  
  98  10:53  Probe x2  
  98  10:54  Gateway  
  100  10:57  Probe  
  100  10:58  Gateway  
  100  10:59  Gateway  
  100  11:02  Mothership Core  
  100  11:03  Gateway, Probe  
  100  11:04  Forge, Pylon  
  101  11:05  Pylon  
  101  11:09  Probe  
  105  11:13  Probe  
  105  11:18  Stalker x5  
  110  11:19  Stalker  
  110  11:24  Immortal (Chrono Boost)  
  122  11:32  Nexus  
  122  11:36  Pylon  
  122  11:39  Pylon  
  120  11:53  High Templar  
  120  11:54  High Templar x5  
  126  11:56  Protoss Ground Weapons Level 1 (Chrono Boost), Protoss Ground Armor Level 1 (Chrono Boost)  
  133  12:01  Observer (Chrono Boost)  
  133  12:02  Archon  
  133  12:03  Archon x2  
  133  12:19  Stalker x2  
  133  12:20  Stalker x2  
  145  12:25  Immortal (Chrono Boost)  
  141  12:31  High Templar x3  
  141  12:32  High Templar  
  141  12:33  Zealot x2  
  153  12:48  Zealot x3  
  159  13:14  Zealot x4  
  155  13:26  Immortal  
  155  13:30  Robotics Bay  
  155  13:34  Pylon  
  155  13:37  Pylon  
  155  13:40  Assimilator  
  155  13:43  Assimilator  
  155  14:07  Robotics Facility  
  155  14:10  Gateway  
  155  14:13  Gateway  
  155  14:16  Gateway  
  155  14:17  Gateway  
  155  14:20  Pylon  
  155  14:22  Pylon  
  155  14:23  Pylon  
  155  14:24  Pylon  
  155  14:25  Zealot x4  
  155  14:26  Pylon, Zealot x6  
  155  14:31  Pylon  
  175  14:40  Nexus  
  165  14:56  Colossus x2  
  167  15:00  Extended Thermal Lance, Protoss Ground Weapons Level 2 (Chrono Boost), Protoss Ground Armor Level 2 (Chrono Boost)  
  167  15:12  Pylon  
  167  15:14  Pylon  
  167  15:17  Pylon  
  167  15:20  Assimilator  
  167  15:23  Assimilator  
  167  15:30  Gateway x2  
  167  15:34  Gateway  
  167  15:37  Gateway  
  167  15:38  Photon Cannon  
  167  15:40  Gateway, Photon Cannon  
  167  15:43  Gateway  
  167  15:45  Gateway  
  167  15:48  Pylon  
  167  15:49  High Templar x3  
  173  15:50  Colossus x2, Zealot, Pylon, High Templar x2  
  173  15:51  Zealot x4  
  197  16:30  Nexus  
  197  16:31  High Templar  
  199  16:33  Pylon  
  199  16:35  Pylon  
  199  16:37  Pylon  
  199  16:39  Pylon  
  199  16:41  Archon, Assimilator  
  199  16:53  Dark Shrine  
  198  17:13  Photon Cannon x2  
  198  17:15  Photon Cannon  
  198  17:16  Photon Cannon  
  198  17:21  Colossus  
  198  17:22  Pylon  
  150  18:02  Colossus  
  148  18:07  High Templar x5  
  148  18:08  Zealot, High Templar x3  
  148  18:10  Zealot x6  
  148  18:11  Gateway x2, Zealot x2  
  148  18:12  Archon x3  
  182  18:13  Archon  
  182  18:15  Colossus  
  156  18:48  Archon x2  
  128  18:56  Colossus  
  118  19:03  Observer Gravitic Boosters  
  118  19:08  Colossus  
  106  19:33  Photon Cannon  
  105  19:45  Zealot x4  
  105  19:46  Zealot x7  
  105  19:47  Zealot x4  
  135  20:02  Disruptor  
  135  20:03  Colossus  
  136  20:14  Stargate  
  136  20:16  Stargate  
  136  20:18  Pylon  
  136  20:19  Pylon, Stargate  
  136  20:20  Stargate  
  136  20:21  Stalker x3  
  140  20:22  Stalker x5  
  152  20:31  High Templar x4  
  152  20:32  High Templar x7  
  152  20:33  Zealot  
  152  20:34  Zealot  
  178  20:36  Archon x3  
  178  20:37  Archon x2  
  178  21:05  Fleet Beacon  
  178  21:07  Nexus  
  178  21:09  Pylon  
  178  21:10  Pylon  
  175  21:12  Pylon  
  175  21:15  Pylon  
  164  21:19  Colossus x2  
  164  21:25  Photon Cannon x2  
  174  21:26  Photon Cannon x4  
  174  21:27  Photon Cannon  
  163  21:42  Photon Cannon  
  163  21:43  Photon Cannon  
  163  21:44  Photon Cannon  
  143  22:14  Observer x2  
  116  22:55  Photon Cannon  
  116  22:57  Photon Cannon  
  67  23:00  Photon Cannon  
Show
View Real Time Build Order
Export as new Build Order

HKSuprmarket Protoss - Winner!

Build Orders: Oracle Opening, Zealot Archon 

Get SALT Encoding   

  12  0:00  Probe (Chrono Boost)  
  13  0:10  Probe (Chrono Boost)  
  14  0:17  Pylon  
  14  0:22  Probe (Chrono Boost)  
  15  0:35  Probe (Chrono Boost)  
  16  0:36  Gateway  
  16  0:45  Probe (Chrono Boost)  
  16  0:46  Assimilator  
  17  0:56  Probe (Chrono Boost), Pylon  
  18  1:01  Assimilator  
  18  1:06  Probe (Chrono Boost)  
  19  1:16  Probe (Chrono Boost)  
  20  1:19  Gateway  
  20  1:26  Probe (Chrono Boost)  
  20  1:31  Cybernetics Core  
  21  1:37  Probe (Chrono Boost)  
  22  1:47  Probe (Chrono Boost)  
  23  1:57  Pylon  
  23  1:59  Probe (Chrono Boost)  
  24  2:06  Warp Gate (Chrono Boost)  
  24  2:08  Adept x2  
  28  2:15  Mothership Core (Chrono Boost)  
  30  2:32  Pylon  
  30  2:41  Probe (Chrono Boost)  
  31  2:50  Adept x2  
  34  2:52  Probe (Chrono Boost)  
  34  2:55  Stargate  
  35  3:02  Probe (Chrono Boost)  
  36  3:10  Gateway  
  36  3:14  Probe  
  35  3:39  Probe  
  35  3:41  Oracle  
  37  3:55  Nexus  
  37  4:23  Probe (Chrono Boost)  
  34  4:25  Oracle  
  37  4:55  Probe (Chrono Boost)  
  38  5:05  Probe (Chrono Boost)  
  39  5:11  Pylon  
  39  5:14  Pylon  
  39  5:15  Probe (Chrono Boost)  
  39  5:17  Probe (Chrono Boost), Pylon  
  41  5:21  Assimilator  
  41  5:24  Assimilator  
  41  5:25  Probe (Chrono Boost)  
  41  5:27  Twilight Council  
  41  5:28  Probe (Chrono Boost)  
  43  5:35  Probe (Chrono Boost)  
  43  5:40  Probe (Chrono Boost)  
  45  5:43  Stalker x2  
  45  5:44  Stalker  
  45  5:48  Pylon  
  51  5:50  Probe (Chrono Boost)  
  52  6:18  Probe x2 (Chrono Boost)  
  52  6:20  Stalker x3  
  60  6:28  Probe (Chrono Boost), Gateway  
  61  6:33  Gateway  
  61  6:35  Gateway  
  61  6:36  Templar Archives  
  61  6:45  Probe x2 (Chrono Boost)  
  63  7:00  Probe (Chrono Boost)  
  63  7:01  Probe (Chrono Boost)  
  63  7:04  Shield Upgrade (Chrono Boost)  
  65  7:13  Probe  
  66  7:16  Probe  
  67  7:25  Probe  
  67  7:26  Stalker  
  67  7:28  High Templar x2  
  74  7:30  Archon  
  74  7:36  Adept x3  
  80  7:42  Nexus  
  80  7:45  Pylon  
  80  7:49  Pylon  
  80  7:52  Forge  
  80  7:54  Charge (Chrono Boost)  
  80  7:56  Forge  
  80  7:58  Zealot x2  
  80  8:00  Adept, Pylon  
  80  8:03  Pylon  
  80  8:05  Adept x3  
  88  8:10  Probe  
  88  8:11  Probe  
  94  8:19  Pylon  
  94  8:21  Pylon  
  94  8:25  Pylon  
  94  8:38  Probe  
  94  8:39  Probe  
  96  8:42  High Templar x3  
  96  8:43  High Templar x3  
  96  8:45  Archon x3  
  107  9:00  Pylon x2  
  104  9:05  Pylon  
  104  9:07  Pylon  
  100  9:14  Probe  
  100  9:15  Probe  
  100  9:16  Stalker x2  
  100  9:17  Stalker x4, Protoss Ground Armor Level 1 (Chrono Boost)  
  108  9:20  Blink (Chrono Boost)  
  106  9:39  Protoss Ground Weapons Level 1 (Chrono Boost)  
  106  9:41  Stalker, Zealot  
  106  9:42  Zealot x4  
  80  10:03  Adept x5  
  80  10:04  Adept  
  84  10:35  Pylon  
  82  10:47  Probe  
  82  10:49  Probe  
  84  11:01  Nexus  
  84  11:09  High Templar  
  84  11:10  High Templar x5  
  96  11:12  Nexus, Archon x2  
  96  11:13  Archon  
  96  11:15  Pylon  
  96  11:17  Pylon  
  96  11:52  Stalker x4  
  96  11:53  Stalker  
  106  11:54  Probe  
  106  11:56  Probe  
  108  12:04  Probe  
  108  12:07  Assimilator  
  108  12:08  Probe, Assimilator  
  110  12:13  Stalker  
  110  12:14  Probe  
  112  12:21  Pylon  
  113  12:34  Probe  
  113  12:36  Probe  
  115  12:57  Pylon  
  115  13:00  Pylon  
  115  13:03  Assimilator  
  115  13:06  Assimilator  
  115  13:07  Protoss Ground Weapons Level 2 (Chrono Boost)  
  99  13:22  Protoss Ground Armor Level 2 (Chrono Boost)  
  99  13:26  Stalker  
  99  13:27  Zealot x5  
  93  13:33  Photon Cannon  
  101  13:36  Photon Cannon  
  101  13:37  Photon Cannon  
  101  13:39  Gateway x2  
  101  13:45  Gateway  
  101  13:49  Stalker  
  101  13:50  Stalker x3  
  101  13:51  Stalker  
  101  13:52  Zealot  
  101  13:53  Probe  
  101  13:55  Probe  
  115  13:58  Photon Cannon  
  115  14:02  Photon Cannon  
  115  14:04  Gateway  
  115  14:06  Gateway  
  115  14:09  Gateway  
  115  14:13  High Templar x4  
  115  14:14  High Templar  
  115  14:16  Archon x2  
  125  14:18  High Templar  
  125  14:20  Archon  
  115  15:00  Stalker x2  
  115  15:01  Stalker x3  
  125  15:08  Probe x2  
  125  15:09  Probe  
  125  15:10  Probe  
  129  15:25  Photon Cannon  
  129  15:30  Photon Cannon  
  129  15:31  Protoss Ground Weapons Level 3 (Chrono Boost)  
  129  15:34  Photon Cannon  
  129  15:40  Robotics Facility  
  129  15:46  Zealot x4  
  137  15:53  Dark Shrine  
  137  15:56  Templar Archives  
  137  15:58  Pylon, Protoss Ground Armor Level 3 (Chrono Boost)  
  137  15:59  Stalker x2  
  137  16:00  Stalker x5  
  137  16:01  Stalker  
  137  16:03  Pylon  
  153  16:06  Pylon  
  153  16:15  Sentry  
  153  16:16  Sentry x3  
  161  16:32  Robotics Bay  
  161  16:39  Pylon  
  161  16:41  Zealot  
  161  16:46  Pylon  
  163  16:59  Zealot x4  
  163  17:00  Zealot x7  
  185  17:09  Nexus  
  185  17:13  Pylon  
  185  17:14  Pylon  
  177  17:28  Zealot x4  
  177  17:29  Zealot x4  
  193  17:30  Zealot x3  
  109  18:04  Stalker x3  
  109  18:05  Stalker x3  
  97  18:06  Dark Templar x3  
  97  18:07  Zealot  
  97  18:08  Zealot  
  101  18:26  Stalker  
  83  18:37  Stalker  
  83  18:38  Stalker x2  
  83  18:39  High Templar x2  
  83  18:40  High Templar x2  
  97  18:47  Archon x2  
  74  18:59  Probe  
  74  19:00  Probe  
  74  19:01  Probe  
  67  19:11  Assimilator  
  67  19:14  Assimilator  
  67  19:18  Photon Cannon  
  67  19:20  Photon Cannon  
  67  19:22  Photon Cannon  
  67  19:23  Gateway  
  65  19:25  Stalker x3  
  65  19:26  Gateway, High Templar  
  65  19:28  Gateway  
  73  19:49  High Templar x5  
  73  19:50  High Templar x3  
  73  19:52  Archon x3  
  89  19:54  Archon  
  89  19:55  High Templar  
  89  19:56  Stalker  
  89  19:59  Archon  
  87  20:15  Probe x2  
  87  20:17  Probe  
  90  20:27  Probe, Protoss Shields Level 1 (Chrono Boost)  
  87  20:33  Protoss Air Weapons Level 1  
  87  20:34  Void Ray  
  92  20:46  Dark Templar x4  
  100  20:56  Zealot x3  
  100  20:57  Zealot x3  
  110  21:00  Probe x2  
  110  21:02  Probe  
  113  21:24  Nexus  
  105  21:49  Stalker x4  
  105  21:50  Stalker, High Templar x2  
  105  21:51  High Templar x3  
  105  21:53  Archon x2  
  123  21:56  Stalker  
  123  21:57  Zealot x2  
  123  22:13  Pylon  
  123  22:17  Assimilator  
  123  22:19  High Templar  
  123  22:20  Zealot x3  
  123  22:21  High Templar, Assimilator  
  123  22:22  High Templar  
  135  22:24  Archon  
  135  22:25  Pylon  
  135  22:28  Archon  
  135  22:35  Probe x2  
  135  22:37  Probe  
  116  22:52  Stalker x4  
  116  22:53  Zealot x5  
Tags
 
Add a new tag
Caveats
  • Supply blocks, unpowered buildings, or Contaminate may cause inaccurate times.
  • Supply counts are checked every 10 seconds.